 Dungeon Crawl Stone Soup version 0.17.0-18-gaab0e96 (webtiles) character file.

14 MDvedh the Digger (level 2, -1/16 HPs)
             Began as a Gargoyle Earth Elementalist on Nov 11, 2015.
             Slain by an iguana (10 damage)
             ... on level 1 of the Dungeon.
             The game lasted 00:01:49 (1248 turns).

MDvedh the Digger (Gargoyle Earth Elementalist)     Turns: 1248, Time: 00:01:50

Health: -1/16      AC:  4    Str: 11    XL:     2   Next: 41%
Magic:  5/5        EV: 10    Int: 20    God:
Gold:   24         SH:  0    Dex: 10    Spells: 1 memorised, 4 levels left

rFire  . . .     SeeInvis .     h - +0 mace
rCold  . . .     Clarity  .     n - +0 ring mail
rNeg   + . .     SustAt   .     (no shield)
rPois  ∞         Gourm    .     (no helmet)
rElec  +         Spirit   .     (no cloak)
rCorr  .         Warding  .     (no gloves)
rMut   .         Stasis   .     (no boots)
MR     .....                    (no amulet)
Stlth  +.........               i - +5 ring of intelligence
                                g - -3 ring of protection (curse)

@: not resistant to hostile enchantments, very unstealthy
A: negative energy resistance 1, electricity resistance, unbreathing,
petrification resistance, rot immunity, AC +2
a: no special abilities


You were on level 1 of the Dungeon.
You were very hungry.

You visited 1 branch of the dungeon, and saw 1 of its levels.

You collected 24 gold pieces.

Inventory:

Hand Weapons
 h - a +0 mace (weapon)
Missiles
 a - 38 stones (quivered)
Armour
 n - a +0 ring mail (worn)
Jewellery
 g - a cursed -3 ring of protection (left hand)
 i - a +5 ring of intelligence (right hand)
Potions
 e - a potion of cancellation
 m - a potion of cure mutation {unknown}
Books
 c - a book of Geomancy

   Spells                             Type                      Level
   a - Sandblast                      Earth                        1
   b - Stoneskin                      Transmutation/Earth          2
   c - Passwall                       Transmutation/Earth          3
   d - Stone Arrow                    Conjuration/Earth            3
   e - Petrify                        Transmutation/Earth          4
   f - Lee's Rapid Deconstruction     Earth                        5
Comestibles
 d - a bread ration
 f - a meat ration


   Skills:
 + Level 1.5 Fighting
 + Level 1.1 Maces & Flails
 - Level 1.5 Dodging
 - Level 2.1 Stealth
 - Level 2.0 Spellcasting
   Level 0.7 Transmutations
 - Level 3.6 Earth Magic


You had 4 spell levels left.
You knew the following spells:

 Your Spells              Type           Power        Failure   Level  Hunger
a - Sandblast             Erth           ###...       10%         1    #......


Dungeon Overview and Level Annotations

Branches:
Dungeon (1/15)

Altars:


Innate Abilities, Weirdness & Mutations

You are resistant to torment.
Your stone body is resilient (AC +2).
You are immune to poison.
You resist negative energy.
You are resistant to electric shocks.
You can survive without breathing.
You are immune to petrification.
You are immune to rotting.


Message History

You hit the iguana.
The iguana is moderately wounded.
The iguana bites you.
You hit the iguana but do no damage.
The iguana is moderately wounded.
The iguana bites you.
* * * LOW HITPOINT WARNING * * *
The iguana barely misses you.
You are too injured to fight recklessly!
You are too injured to fight recklessly!
You are too injured to fight recklessly!
The iguana hisses menacingly.
A giant newt comes into view.
The iguana barely misses you.
You are feeling very hungry.
Drink which item? (? for menu, Esc to quit)
It was a potion of cancellation.
You feel magically purged. The iguana bites you!
Ouch! That really hurt!
You die...

#########.##.####..##.##..
#.##.....#..#.###.
#.######..#.#..### #.#
##...##.### #.##
##..#..... #..# #.(.....#.
##.######.#.......
####l#......#.#.....
#####..@...####.....###.
#.....##.##.....##.## #.
#.#.........######.####.
#######...####.####
#...##. #........## #...#
###.### #.######## #...#
#.### #.####### #...######
#...# #.......#
#........#######.#
###.###.#
#...####..........


You could see an iguana.

Vanquished Creatures
  A giant cockroach (D:1)
  2 kobolds (D:1)
  4 bats (D:1)
  3 goblins (D:1)
  4 rats (D:1)
14 creatures vanquished.

Notes
Turn   | Place    | Note
--------------------------------------------------------------
     0 | D:1      | MDvedh the Gargoyle Earth Elementalist began the quest for the Orb.
     0 | D:1      | Reached XP level 1. HP: 10/10 MP: 3/3
   511 | D:1      | Reached skill level 1 in Fighting
   537 | D:1      | Reached XP level 2. HP: 9/16 MP: 5/5
   956 | D:1      | Reached skill level 1 in Maces & Flails
  1248 | D:1      | Slain by an iguana

Action                   || total
-------------------------++-------
Melee: Mace              ||    47
       Unarmed           ||     2
 Cast: Sandblast         ||     1
  Use: Scroll            ||     3
       Potion            ||     1
